 Dungeon Crawl Stone Soup version 0.27.1-3-gb3d3a73c9e (webtiles) character file.

Game seed: 17475514020276875545

541 CuBeRJAN3 the Skirmisher (level 7, -4/56 HPs)
             Began as a Demonspawn Berserker on Oct 12, 2021.
             Was a Believer of Trog.
             Slain by Duvessa (15 damage)
             ... on level 4 of the Dungeon.
             The game lasted 00:19:54 (5016 turns).

CuBeRJAN3 the Skirmisher (Demonspawn Berserker)     Turns: 5016, Time: 00:19:54

Health: -4/56      AC: 15    Str: 26    XL:     7   Next: 5%
Magic:  7/7        EV: 17    Int:  8    God:    Trog [**....]
Gold:   869        SH:  0    Dex: 12    Spells: 6/6 levels left

rFire    . . .     SeeInvis .   e - +4 war axe (freeze)
rCold    . . .     Faith    .   (no shield)
rNeg     . . .     Spirit   .   h - +1 ring mail
rPois    .         Reflect  .   (no helmet)
rElec    .         Harm     .   (no cloak)
rCorr    +         Rampage  .   (no gloves)
Will     .....                  (no boots)
Stlth    +.........             (no amulet)
HPRegen  0.18/turn              i - ring of resist corrosion
MPRegen  0.10/turn              m - +6 ring of strength

@: agile, about to teleport, sanguine armoured, on berserk cooldown, slowed,
very slow
A: powered by pain 1, sanguine armour 2, demonic magic 2
a: Renounce Religion, Berserk, Trog's Hand


You were on level 4 of the Dungeon.
You worshipped Trog.
Trog was pleased with you.
You visited 1 branch of the dungeon, and saw 4 of its levels.

You collected 941 gold pieces.
You spent 72 gold pieces at shops.

Inventory:

Hand Weapons
 a - a +0 vorpal hand axe
 b - a +0 hunting sling
 e - a +4 war axe of freezing (weapon)
Armour
 f - a +0 animal skin
 h - a +1 ring mail (worn)
Jewellery
 i - a ring of resist corrosion (left hand)
 m - a +6 ring of strength (right hand)
Wands
 g - a wand of digging (7)
 n - a wand of acid (8)
Scrolls
 d - 2 scrolls of teleportation
 j - a scroll of noise
 k - 2 scrolls of amnesia
Potions
 c - a potion of curing
 l - 2 potions of attraction
 o - a potion of heal wounds
 p - 2 potions of magic {unknown}


   Skills:
 * Level 5.2 Fighting
 * Level 4.7 Axes
 + Level 3.2 Armour
 + Level 3.1 Dodging


You had 6 spell levels left.
You didn't know any spells.
Your spell library was empty.

Dungeon Overview and Level Annotations

Branches:
Dungeon (4/15)
 Temple: D:4-7

Altars:
Elyvilon
Fedhas
Kikubaaqudgha
Okawaru

Shops:
D:3 ?

Annotations:
D:2 Sigmund
D:4 Duvessa


Innate Abilities, Weirdness & Mutations

You sometimes gain a little power by taking damage.
When seriously injured, your bleeding wounds create thick armour. (AC +9)
Spells you cast may paralyse nearby enemies.


Message History

Dowan points at you and mumbles some strange words.
You resist with some effort.
You are too berserk!
You slash Dowan! You freeze Dowan.
Dowan is almost dead.
You slash Dowan! You freeze Dowan.
You kill Dowan!
Trog accepts your kill.
Trog appreciates your killing of a magic user.
Duvessa screams in rage.
Duvessa goes berserk!
You have reached level 7!
Your demonic ancestry asserts itself...
You feel your blood thicken.
Okay, then.
You barely miss Duvessa. Duvessa completely misses you.
You barely miss Duvessa. Duvessa hits you with a +0 short sword!
Duvessa hits you with a +0 short sword.
You barely miss Duvessa. Duvessa hits you with a +0 short sword.
You slash Duvessa! You freeze Duvessa.
Duvessa is lightly wounded.
Duvessa hits you with a +0 short sword!
You focus on the pain.
You feel agile all of a sudden.
Your blood congeals into armour.
You slash Duvessa! You freeze Duvessa!
Duvessa is heavily wounded.
Duvessa hits you but does no damage. Duvessa barely misses you.
You slash Duvessa! You freeze Duvessa.
Duvessa is almost dead.
You are no longer berserk.
You are exhausted.
You feel yourself slow down. Duvessa misses you.
As you read the scroll of teleportation, it crumbles to dust.
You feel strangely unstable. Duvessa hits you with a +0 short sword!
Duvessa closely misses you. Duvessa hits you with a +0 short sword!
* * * LOW HITPOINT WARNING * * *
Duvessa hits you but does no damage. Duvessa hits you with a +0 short sword!
You die...

#.....###### #........
#.....##...## #........
#...........# #......♣.
#...........###........
#............)#........
#.....##....#.'...♣..♣)
########.)..###........
#...........# #........
#.....@e)...# #......♣.
#.......g..####........
#.....###)###.#........
#.....##...##.#........
#......'......#########
#.....##...........#
#.....##...##...######
#.....##...###'#####.##
#.....##...##......(.<#


You could see Duvessa (berserk) and a hobgoblin.

Vanquished Creatures
  A scorpion (D:4)
  Dowan (D:4)
  6 wights
  A bullfrog skeleton (D:4)
  An iguana (D:4)
  An orc wizard (D:4)
  3 adders
  A worm (D:2)
  3 dart slugs
  3 orcs
  6 bats
  4 endoplasms (D:1)
  6 giant cockroaches
  A goblin (D:3)
  10 hobgoblins
  5 quokkas
  6 ball pythons
  2 frilled lizards
  8 kobolds
  4 rats
73 creatures vanquished.

Vanquished Creatures (others)
  2 plants (D:1)
2 creatures vanquished.

Grand Total: 75 creatures vanquished

Notes
Turn   | Place    | Note
-------+----------+-------------------------------------------
     0 | D:1      | CuBeRJAN3 the Demonspawn Berserker began the quest for the
                  | Orb.
     0 | D:1      | Reached XP level 1. HP: 18/18 MP: 1/1
   358 | D:1      | Gained mutation: Spells you cast may paralyse adjacent
                  | enemies. [demonic ancestry]
   358 | D:1      | Reached XP level 2. HP: 19/24 MP: 2/2
  1213 | D:1      | Gained mutation: You sometimes gain a little power by
                  | taking damage. [demonic ancestry]
  1213 | D:1      | Reached XP level 3. HP: 29/29 MP: 3/3
  1509 | D:2      | Found a faded altar of an unknown god.
  1595 | D:2      | Noticed Sigmund
  1841 | D:2      | Reached ** piety under Trog
  2295 | D:2      | Gained mutation: Spells you cast may paralyse nearby
                  | enemies. [demonic ancestry]
  2295 | D:2      | Reached XP level 4. HP: 37/37 MP: 4/4
  3004 | D:3      | Found Kyiq's Magic Scroll Emporium.
  3013 | D:3      | Bought 2 scrolls of identify for 48 gold pieces
  3013 | D:3      | Bought a scroll of identify for 24 gold pieces
  3078 | D:3      | Found an iron altar of Okawaru.
  3233 | D:3      | You fall into a shaft and drop 1 floor!
  3460 | D:4      | Found a blossoming altar of Fedhas.
  3471 | D:4      | Noticed a scorpion
  3491 | D:4      | Killed a scorpion
  3492 | D:4      | Reached skill level 4 in Fighting
  3492 | D:4      | Reached XP level 5. HP: 24/42 MP: 5/5
  3702 | D:4      | Noticed Dowan
  3702 | D:4      | Noticed Duvessa
  4058 | D:4      | Found an ancient bone altar of Kikubaaqudgha.
  4153 | D:4      | Noticed an ogre
  4378 | D:4      | Identified a scroll of acquirement
  4381 | D:4      | Acquired 779 gold pieces
  4407 | D:4      | Gained mutation: When seriously injured, your bleeding
                  | wounds create armour. (AC +9) [demonic ancestry]
  4407 | D:4      | Reached XP level 6. HP: 49/49 MP: 6/6
  4562 | D:4      | Reached skill level 5 in Fighting
  5006 | D:4      | Killed Dowan
  5007 | D:4      | Gained mutation: When seriously injured, your bleeding
                  | wounds create thick armour. (AC +9) [demonic ancestry]
  5007 | D:4      | Reached XP level 7. HP: 56/56 MP: 7/7
  5016 | D:4      | Slain by Duvessa

Illustrated notes

Levels and vault maps discovered:
D:1:      minmay_arrival_doors, layout_rooms, wad_woods_river_04
D:2:      layout_loops_ring, hellmonk_ecumenical_altar_inner_sanctum,
          basic_altar, uniq_sigmund
D:3:      layout_rooms, mainiacjoe_overflow_alcove_2, okawaru_gym_becter,
          serial_shops, shop
D:4:      layout_gridville, amcnicky_altar_gilded, overflow_temple_1_default,
          kennysheep_generic_room_2, uniq_duvessa

Skill      XL: |  1  2  3  4  5  6 |
---------------+-------------------+-----
Dodging        | 2 3 |  3.1
Axes           | 3 4 |  4.7
Armour         | 2 3 |  3.2
Fighting       | 4 5 |  5.2

Action                   |  1- 3 |  4- 6 |  7- 9 || total
-------------------------+-------+-------+-------++-------
Melee: Hand axe          |   129 |    91 |       ||   220
       War axe           |       |    20 |     6 ||    26
Invok: Berserk           |     3 |     8 |       ||    11
       Trog's Hand       |       |     4 |       ||     4
  Use: Scroll            |       |    10 |     1 ||    11
       Potion            |       |     1 |       ||     1
 Stab: Sleeping          |     3 |       |       ||     3
Armor: Animal skin       |    29 |       |       ||    29
       Ring mail         |    10 |    37 |     2 ||    49
Dodge: Dodged            |    90 |    67 |     4 ||   161
